 Dungeon Crawl Stone Soup version 0.19-a0-475-gfca3800 (webtiles) character file.

433 Kidiri the Magician (level 6, -1/32 HPs)
             Began as a Deep Elf Fire Elementalist on June 4, 2016.
             Slain by a worker ant (6 damage)
             ... on level 4 of the Dungeon.
             The game lasted 00:29:17 (4741 turns).

Kidiri the Magician (Deep Elf Fire Elementalist)    Turns: 4741, Time: 00:29:18

Health: -1/32      AC:  4    Str:  5    XL:     6   Next: 67%
Magic:  14/17      EV: 13    Int: 22    God:
Gold:   203        SH:  0    Dex: 15    Spells: 5 memorised, 4 levels left

rFire  . . .     SeeInvis .     t - +0 rod of shadows (11/16)
rCold  . . .     Gourm    .     a - +0 robe
rNeg   . . .     Faith    .     (no shield)
rPois  .         Spirit   .     g - +0 helmet
rElec  .         Dismiss  .     r - +0 cloak
rCorr  .         Reflect  .     (no gloves)
SustAt .         Harm     .     (no boots)
MR     .....                    (no amulet)
Stlth  ++........               (no ring)
                                (no ring)

@: exhausted, very slightly contaminated, slowed, very slow, not resistant to
hostile enchantments, unstealthy
A: no striking features
a: no special abilities


You were on level 4 of the Dungeon.
You were very hungry.

You visited 1 branch of the dungeon, and saw 4 of its levels.
You also visited: Sewer.

You collected 203 gold pieces.

Inventory:

Hand Weapons
 m - a +2 dagger
 x - the +5 blowgun "Emni" {speed, *Confuse rF+ rN+ Dex+5}
   (You found it in a sewer)

   Attacks with this weapon are significantly faster.
   It affects your dexterity (+5).
   It protects you from fire.
   It protects you from negative energy.
   It may confuse you when you take damage.
Missiles
 e - 17 poisoned needles
 w - 23 bolts
Armour
 a - a +0 robe (worn)
 g - a +0 helmet (worn)
 i - a +0 leather armour
 r - a +0 cloak (worn)
Rods
 t - a +0 rod of shadows (11/16) (in hand)
   (You found it on level 3 of the Dungeon)
Scrolls
 s - 4 scrolls of remove curse
Potions
 d - 3 potions of brilliance
 j - 2 potions of berserk rage
 k - a potion of might {unknown}
 l - a potion of resistance {unknown}
 o - 2 potions of curing {unknown}
 u - a potion of flight {unknown}
 v - a potion of invisibility {unknown}
Books
 b - a book of Flames

   Spells                             Type                      Level
   a - Flame Tongue                   Conjuration/Fire             1
   b - Throw Flame                    Conjuration/Fire             2
   c - Conjure Flame                  Conjuration/Fire             3
   d - Inner Flame                    Hexes/Fire                   3
   e - Sticky Flame                   Conjuration/Fire             4
   f - Fireball                       Conjuration/Fire             5
Comestibles
 c - 4 bread rations
 f - 2 slices of pizza


   Skills:
 + Level 0.1 Fighting
 + Level 0.4 Short Blades
 + Level 0.8 Armour
 + Level 2.8 Dodging
 - Level 2.4 Stealth
 * Level 6.0 Spellcasting
 * Level 3.5 Conjurations
 * Level 5.3 Fire Magic
 + Level 1.0 Evocations


You had 4 spell levels left.
You knew the following spells:

 Your Spells              Type           Power        Failure   Level  Hunger
a - Flame Tongue          Conj/Fire      ####.        1%          1    None
b - Throw Flame           Conj/Fire      ####..       2%          2    None
c - Conjure Flame         Conj/Fire      ####....     6%          3    #......
d - Inner Flame           Hex/Fire       ###.....     12%         3    #......
e - Sticky Flame          Conj/Fire      ####....     17%         4    ###....


Dungeon Overview and Level Annotations

Branches:
Dungeon (4/15)
 Temple: D:4-7

Altars:
Dithmenos
Elyvilon
Fedhas
Gozag
Qazlal
Trog

Annotations:
D:4 Duvessa; shklvsk's ghost, amateur DsSk


Message History

Aim: Duvessa, wielding a short sword and wearing a scale mail (lightly wounded, slow)
You miscast Sticky Flame.
You are very lightly contaminated with residual magic.
Heat runs through your body. Duvessa hits you with a short sword.
* * * LOW HITPOINT WARNING * * *
Unknown command.
Duvessa hits you with a short sword.
* * * LOW HITPOINT WARNING * * *
Unknown command.
Evoke which item? (* to show all) (? for menu, Esc to quit)
Wisps of shadow whirl around you...
You are feeling very hungry.
The worker ant barely misses you. Duvessa barely misses you.
Unknown command.
Duvessa looks more energetic.
Your adder zombie bites the worker ant.
The worker ant barely misses you.
Unknown command.
Your adder zombie bites the worker ant but does no damage.
Your adder zombie bites Duvessa.
The worker ant bites you.
You die...

#.###..<.....##.#
#.#..a.......##.#
#s#.#.#.###'#...#
#.#.#<#.#<..#.###
#.#.###.#####.#
#.#...#.......#
#.##e##########
#.##aZ.#.....#
#..@......##.#
######....##.#
####.##.# #....#
######


You could see Duvessa, a worker ant and a friendly adder zombie.

Vanquished Creatures
  Dowan (D:4)
  A giant frog skeleton (D:4)
  A hound (D:4)
  An orc priest (D:3)
  Natasha (D:2)
  An orc wizard (D:3)
  3 worker ants
  7 adders
  An ooze (D:2)
  2 worms
  4 dart slugs
  4 giant geckos
  An orc (D:3)
  13 bats
  8 giant cockroaches
  8 goblins
  8 hobgoblins
  6 jackals
  3 ball pythons
  A giant gecko skeleton (D:4)
  13 giant newts
  6 kobolds
  7 rats
101 creatures vanquished.

Notes
Turn   | Place    | Note
--------------------------------------------------------------
     0 | D:1      | Kidiri the Deep Elf Fire Elementalist began the quest for the Orb.
     0 | D:1      | Reached XP level 1. HP: 10/10 MP: 6/6
   193 | D:1      | Reached XP level 2. HP: 15/15 MP: 6/8
   197 | D:1      | Learned a level 2 spell: Throw Flame
   776 | D:2      | Reached XP level 3. HP: 19/19 MP: 7/10
   781 | D:2      | Learned a level 3 spell: Conjure Flame
   785 | D:2      | Learned a level 3 spell: Inner Flame
   927 | D:2      | Reached skill level 4 in Spellcasting
  1216 | D:2      | Found an opulent altar of Gozag.
  1351 | D:2      | Reached XP level 4. HP: 24/24 MP: 8/12
  1514 | D:2      | Noticed Natasha
  1519 | D:2      | Killed Natasha
  1852 | D:2      | Found a white marble altar of Elyvilon.
  2141 | D:3      | Found a shadowy altar of Dithmenos.
  2295 | D:3      | Identified a -2 rod of shadows (14/14) (You found it on level 3 of the Dungeon)
  2329 | D:3      | Reached XP level 5. HP: 28/28 MP: 2/14
  2332 | D:3      | Reached skill level 5 in Spellcasting
  2443 | D:3      | Learned a level 4 spell: Sticky Flame
  2464 | D:3      | Reached skill level 5 in Fire Magic
  2579 | D:3      | Found a bloodstained altar of Trog.
  2657 | D:3      | Found a blossoming altar of Fedhas.
  2666 | D:3      | Found a stormy altar of Qazlal.
  3078 | D:4      | Noticed Dowan
  3080 | D:4      | Noticed Duvessa
  3206 | D:4      | Reached XP level 6. HP: 32/32 MP: 11/16
  3274 | D:4      | Found a glowing drain.
  3283 | Sewer    | Entered a sewer
  3984 | Sewer    | Got a scorched blowgun
  4286 | D:4      | Identified the +5 blowgun "Emni" {speed, *Confuse rF+ rN+ Dex+5} (You found it in a sewer)
  4414 | D:4      | Killed Dowan
  4490 | D:4      | Reached skill level 6 in Spellcasting
  4498 | D:4      | Reached skill level 1 in Evocations
  4537 | D:4      | Noticed shklvsk's ghost (amateur DsSk)
  4741 | D:4      | Slain by a worker ant

Vault maps used:
D:1:      sevenhm_arrival_forest_fort_small_3, nrook_mini_vaults
D:2:      nicolae_overflow_crystal_walls, nicolae_gozag_seed_capital,
          first_bread, uniq_natasha
D:3:      nicolae_dithmenos_shadow_blocks, old_standard_altar,
          lemuel_doored_altar, old_standard_altar, minmay_misc_feat_plants
D:4:      kennysheep_little_box, portal_sewer_entry_d, uniq_duvessa
Sewer:    sewer_frog_island_01

Skill      XL: |  1  2  3  4  5  6 |
---------------+-------------------+-----
Conjurations   | 2 3 |  3.5
Spellcasting   | 4 5 6 |  6.0
Fire Magic     | 4 5 |  5.3
Evocations     | 1 |  1.0
Fighting       | |  0.1
Short Blades   | |  0.4
Armour         | |  0.8
Dodging        | |  2.8
Stealth        | |  2.4

Action                   |  1- 3 |  4- 6 || total
-------------------------+-------+-------++-------
Melee: Dagger            |     4 |    10 ||    14
       Mace              |       |     2 ||     2
 Cast: Flame Tongue      |    33 |    58 ||    91
       Throw Flame       |    29 |    53 ||    82
       Sticky Flame      |       |     5 ||     5
       Conjure Flame     |       |     2 ||     2
       Inner Flame       |       |     2 ||     2
Evoke: Rod               |       |     2 ||     2
  Use: Scroll            |     2 |     7 ||     9
       Potion            |       |     5 ||     5
 Stab: Sleeping          |       |     5 ||     5
  Eat: Chunk             |     2 |     9 ||    11
       Royal jelly       |       |     1 ||     1
       Beef jerky        |       |     1 ||     1
Armor: Robe              |     3 |    11 ||    14
Dodge: Dodged            |    11 |    32 ||    43
